[Event "RUS-ch Rapid Men 2018"]
[Site "Sochi"]
[Date "2018.10.05"]
[Round "1"]
[White "Morozevich, Alexander"]
[Black "Cherenkov, Andrey"]
[Result "1/2-1/2"]
[ECO "B12"]
[WhiteElo "2656"]
[BlackElo "2226"]
[Annotator "ChessBase"]
[PlyCount "95"]
[EventDate "2018.10.05"]
[EventType "swiss"]
[EventCountry "RUS"]
[SourceTitle "playchess.com"]
[Source "ChessBase"]
[SourceQuality "1"]
[TimeControl "900+10"]

1. e4 c6 2. d4 d5 3. e5 Bf5 4. h4 h6 5. g4 Bd7 6. Be3 e6 7. Nf3 Qb6 8. c4 Qxb2 9. Nbd2 Bb4 10. Rb1 Qa3 11. Rb3 Qa5 12. Qb1 Na6 13. c5 Bc8 14. a3 Bxa3 15. Bxa6 Qxa6 16. Qa1 Bb4 17. Qxa6 Bxd2+ 18. Bxd2 bxa6 19. h5 a5 20. Bxa5 Ba6 21. Kd2 Bb5 22. Ra1 Kd7 23. Nh4 Ne7 24. f4 Rhb8 25. f5 Bc4 26. Rxb8 Rxb8 27. Bc3 a6 28. Re1 Rb3 29. Re3 Rb1 30. f6 gxf6 31. exf6 Ng8 32. Rf3 Rf1 33. Rxf1 Bxf1 34. Nf3 Nxf6 35. Ne5+ Ke8 36. Ke1 Bh3 37. g5 hxg5 38. h6 Bf5 39. Nxc6 Ng8 40. Na7 Nxh6 41. c6 f6 42. c7 e5 43. dxe5 fxe5 44. Bxe5 Nf7 45. Bg3 a5 46. Kd2 d4 47. c8=Q+ Bxc8 48. Nxc8 1/2-1/2

[Event "RUS-ch Rapid Men 2018"]
[Site "Sochi"]
[Date "2018.10.05"]
[Round "1"]
[White "Sjugirov, Sanan"]
[Black "Remizov, Yaroslav"]
[Result "1-0"]
[ECO "A06"]
[WhiteElo "2654"]
[BlackElo "2315"]
[Annotator "ChessBase"]
[PlyCount "51"]
[EventDate "2018.10.05"]
[EventType "swiss"]
[EventCountry "RUS"]
[SourceTitle "playchess.com"]
[Source "ChessBase"]
[SourceQuality "1"]
[TimeControl "900+10"]

1. Nf3 d5 2. e3 Nf6 3. c4 c6 4. d4 e6 5. Bd3 Nbd7 6. b3 b6 7. O-O Be7 8. Bb2 Bb7 9. Nbd2 O-O 10. Qe2 c5 11. Rfd1 Rc8 12. Rac1 cxd4 13. Nxd4 Nc5 14. Bc2 dxc4 15. Nxc4 Qd5 16. f3 Qh5 17. b4 Ncd7 18. a3 Nd5 19. Bb3 Bg5 20. f4 Qxe2 21. Nxe2 Bf6 22. Bxf6 N7xf6 23. Nd6 Nxe3 24. Nxc8 Nxd1 25. Ne7+ Kh8 26. Bxd1 1-0

[Event "RUS-ch Rapid Men 2018"]
[Site "Sochi"]
[Date "2018.10.05"]
[Round "1"]
[White "Rakhmanov, Aleksandr"]
[Black "Tsvetkov, Andrey"]
[Result "1-0"]
[ECO "D10"]
[WhiteElo "2647"]
[BlackElo "2264"]
[Annotator "ChessBase"]
[PlyCount "73"]
[EventDate "2018.10.05"]
[EventType "swiss"]
[EventCountry "RUS"]
[SourceTitle "playchess.com"]
[Source "ChessBase"]
[SourceQuality "1"]
[TimeControl "900+10"]

1. c4 c6 2. d4 d5 3. cxd5 cxd5 4. Bf4 Nc6 5. e3 Nf6 6. Nc3 a6 7. Be2 Bf5 8. Nf3 e6 9. Qb3 Bb4 10. Ne5 Qe7 11. Nxc6 bxc6 12. O-O O-O 13. Rfc1 Bd6 14. Bxd6 Qxd6 15. Na4 Nd7 16. Nc5 e5 17. Nxa6 exd4 18. exd4 Rfe8 19. Bf1 Re4 20. Qc3 Rh4 21. g3 Rh6 22. Nb4 Re8 23. Nxc6 Be4 24. f3 Bf5 25. Qd2 Rg6 26. Rc3 h5 27. Kf2 h4 28. Qf4 hxg3+ 29. hxg3 Qf6 30. Re1 Rxe1 31. Kxe1 Qe6+ 32. Kd2 Rf6 33. Qe3 Qd6 34. Ne7+ Kh8 35. Rc8+ Kh7 36. Nxf5 Qb4+ 37. Qc3 1-0

[Event "RUS-ch Rapid Men 2018"]
[Site "Sochi"]
[Date "2018.10.05"]
[Round "1"]
[White "Lysyj, Igor"]
[Black "Dolgov, Alexey S"]
[Result "1-0"]
[ECO "D85"]
[WhiteElo "2631"]
[BlackElo "2118"]
[Annotator "RC"]
[PlyCount "59"]
[EventDate "2018.10.05"]
[EventType "swiss"]
[EventCountry "RUS"]
[SourceTitle "playchess.com"]
[Source "ChessBase"]
[SourceQuality "1"]
[TimeControl "900+10"]

1. d4 Nf6 2. c4 g6 3. Nc3 d5 4. cxd5 Nxd5 5. e4 Nxc3 6. bxc3 c5 7. Bb5+ Bd7 8. Be2 Bg7 9. Nf3 O-O 10. O-O cxd4 11. cxd4 Bg4 12. Be3 Nc6 13. d5 Bxf3 14. Bxf3 Ne5 15. Be2 b6 16. Rc1 Rc8 17. Qa4 Rxc1 18. Rxc1 a5 19. Qb5 Nd7 20. Rc6 f5 21. exf5 gxf5 22. Bf4 Nf6 23. Rxb6 Kh8 24. Bf3 Ne4 25. Bxe4 fxe4 26. Rb8 Qxb8 27. Bxb8 Bd4 28. Bg3 e3 29. Qc4 exf2+ 30. Kf1 1-0

[Event "RUS-ch Rapid Men 2018"]
[Site "Sochi"]
[Date "2018.10.05"]
[Round "1"]
[White "Paravyan, David"]
[Black "Shemyakin, Valeriy"]
[Result "1-0"]
[ECO "A40"]
[WhiteElo "2629"]
[BlackElo "2213"]
[Annotator "ChessBase"]
[PlyCount "103"]
[EventDate "2018.10.05"]
[EventType "swiss"]
[EventCountry "RUS"]
[SourceTitle "playchess.com"]
[Source "ChessBase"]
[SourceQuality "1"]
[TimeControl "900+10"]

1. d4 Nf6 2. c4 e6 3. g3 Bb4+ 4. Bd2 Qe7 5. Bg2 Nc6 6. e3 O-O 7. Nc3 d6 8. Nge2 Bd7 9. O-O a5 10. b3 Rab8 11. a3 Bxc3 12. Nxc3 Na7 13. d5 e5 14. e4 b5 15. Be3 Nc8 16. cxb5 Bxb5 17. Nxb5 Rxb5 18. Qd3 Rb7 19. Bd2 Ra7 20. Rfc1 Nb6 21. Rc6 Nfd7 22. Rac1 Nc5 23. Qc2 a4 24. bxa4 Nbxa4 25. h4 Rb8 26. Bb4 Raa8 27. Bh3 Na6 28. Ba5 N4c5 29. Bf1 h6 30. Rb1 Rxb1 31. Qxb1 Ra7 32. Bxa6 Nxa6 33. Qb5 Qd7 34. a4 Qc8 35. Bb6 Ra8 36. Qc4 Qg4 37. Be3 Nc5 38. Bxc5 dxc5 39. Kg2 Qd1 40. d6 cxd6 41. Rc7 d5 42. Qxc5 dxe4 43. Rc8+ Rxc8 44. Qxc8+ Kh7 45. Qf5+ Kg8 46. Qxe4 Qd6 47. a5 g6 48. Qb7 e4 49. a6 Qf6 50. a7 Qf3+ 51. Kg1 Qd1+ 52. Kh2 1-0

[Event "RUS-ch Rapid Men 2018"]
[Site "Sochi"]
[Date "2018.10.05"]
[Round "1"]
[White "Kryakvin, Dmitry"]
[Black "Kuzmin, Roman"]
[Result "1-0"]
[ECO "A45"]
[WhiteElo "2589"]
[BlackElo "2053"]
[Annotator "ChessBase"]
[PlyCount "51"]
[EventDate "2018.10.05"]
[EventType "swiss"]
[EventCountry "RUS"]
[SourceTitle "playchess.com"]
[Source "ChessBase"]
[SourceQuality "1"]
[TimeControl "900+10"]

1. d4 Nf6 2. Bg5 Ne4 3. Bf4 d5 4. e3 c5 5. Bd3 cxd4 6. Bxe4 dxe4 7. exd4 Nc6 8. d5 e5 9. Bg3 Ne7 10. Nc3 f6 11. Qe2 Nf5 12. O-O-O Nd4 13. Qc4 Bg4 14. Rxd4 Rc8 15. Rxe4 Rxc4 16. Rxc4 Bd7 17. f4 Bd6 18. Ne4 Bb8 19. fxe5 fxe5 20. Nf3 O-O 21. Nxe5 Bxe5 22. Bxe5 Rf5 23. Bc7 Qe7 24. Rd1 b5 25. Rcd4 Rf4 26. Bxf4 1-0

[Event "RUS-ch Rapid Men 2018"]
[Site "Sochi"]
[Date "2018.10.05"]
[Round "1"]
[White "Timofeev, Artyom"]
[Black "Avalyan, Artur"]
[Result "1/2-1/2"]
[ECO "A06"]
[WhiteElo "2588"]
[BlackElo "2347"]
[Annotator "ChessBase"]
[PlyCount "153"]
[EventDate "2018.10.05"]
[EventType "swiss"]
[EventCountry "RUS"]
[SourceTitle "playchess.com"]
[Source "ChessBase"]
[SourceQuality "1"]
[TimeControl "900+10"]

1. Nf3 d5 2. g3 Nf6 3. Bg2 c6 4. O-O Bf5 5. d3 e6 6. Nbd2 h6 7. c4 Be7 8. b3 O-O 9. Bb2 a5 10. a3 Na6 11. Qc2 Re8 12. Rad1 Bh7 13. Ne5 Nd7 14. Ndf3 Nac5 15. Ng4 Bf5 16. Qc3 Nf6 17. Nge5 Qc7 18. g4 Bh7 19. h4 Rad8 20. e3 Qb6 21. g5 Nh5 22. gxh6 Qxb3 23. hxg7 Qxc3 24. Bxc3 f6 25. cxd5 fxe5 26. dxc6 Bxd3 27. Rfe1 e4 28. Ne5 bxc6 29. Bxa5 Rc8 30. Bb4 Nxg7 31. Bxc5 Bxc5 32. Nxd3 exd3 33. Rxd3 Be7 34. a4 Bxh4 35. Rc1 c5 36. a5 Rf8 37. Rd2 Rf7 38. a6 Ra7 39. Bb7 Rc7 40. Rd6 Be7 41. Rb6 c4 42. Be4 Kf7 43. Rb7 Ne8 44. Rxc7 Nxc7 45. Rxc4 Nxa6 46. Ra4 Bc5 47. Bd3 Nc7 48. Rxa7 Bxa7 49. Kg2 Kf6 50. Kf3 Nd5 51. Bc4 Ne7 52. Ke4 Nf5 53. Bb3 Nd6+ 54. Kf4 Bb8 55. Kf3 Nf7 56. Ke2 Nd6 57. Kd3 Ba7 58. Ba2 Nf5 59. Bb3 Nh6 60. Ke4 Ng4 61. Kf3 Ne5+ 62. Ke4 Bb6 63. Ba2 Nd7 64. Kf3 Ke5 65. Ke2 Nc5 66. Bc4 Bd8 67. Ba2 Bh4 68. f4+ Kd6 69. Kf3 Na4 70. Bb3 Nc3 71. e4 Nb5 72. e5+ Ke7 73. Kg4 Be1 74. Bc2 Nd4 75. Bb1 Nc6 76. f5 Nxe5+ 77. Kh3 1/2-1/2

[Event "RUS-ch Rapid Men 2018"]
[Site "Sochi"]
[Date "2018.10.05"]
[Round "1"]
[White "Sakaev, Konstantin"]
[Black "Pshmahov, Osman"]
[Result "1-0"]
[ECO "D35"]
[WhiteElo "2584"]
[BlackElo "2011"]
[Annotator "ChessBase"]
[PlyCount "78"]
[EventDate "2018.10.05"]
[EventType "swiss"]
[EventCountry "RUS"]
[SourceTitle "playchess.com"]
[Source "ChessBase"]
[SourceQuality "1"]
[TimeControl "900+10"]

1. d4 Nf6 2. c4 e6 3. Nc3 d5 4. cxd5 exd5 5. Bg5 Be7 6. e3 c6 7. Bd3 O-O 8. Nge2 h6 9. Bh4 Nbd7 10. Qc2 Re8 11. O-O Nf8 12. f3 c5 13. Rad1 c4 14. Bf5 Bxf5 15. Qxf5 Qd7 16. Qxd7 N8xd7 17. Bf2 Bd6 18. Ng3 g6 19. Rfe1 a6 20. e4 Bb4 21. e5 Bxc3 22. bxc3 Nh7 23. Nf1 b5 24. Ne3 Nb6 25. f4 f5 26. g4 fxg4 27. Nxg4 h5 28. Ne3 Na4 29. Rc1 Rad8 30. Bh4 Rd7 31. f5 gxf5 32. Nxf5 Nf8 33. Re3 Ne6 34. Kh1 Kh7 35. Ng3 Kh6 36. Rf1 Ng7 37. Rf6+ Kh7 38. Rxa6 Rf8 39. Bf6 Ne6 1-0

[Event "RUS-ch Rapid Men 2018"]
[Site "Sochi"]
[Date "2018.10.05"]
[Round "1"]
[White "Rozum, Ivan"]
[Black "Sargsyan, Anatoly"]
[Result "1-0"]
[ECO "B31"]
[WhiteElo "2576"]
[BlackElo "1900"]
[Annotator "ChessBase"]
[PlyCount "73"]
[EventDate "2018.10.05"]
[EventType "swiss"]
[EventCountry "RUS"]
[SourceTitle "playchess.com"]
[Source "ChessBase"]
[SourceQuality "1"]
[TimeControl "900+10"]

1. e4 c5 2. Nf3 Nc6 3. Bb5 g6 4. Bxc6 dxc6 5. h3 Bg7 6. d3 Nf6 7. Nc3 O-O 8. Be3 b6 9. Qd2 Ne8 10. Bh6 f6 11. O-O e5 12. Nh2 g5 13. Bxg7 Nxg7 14. Ne2 Ne6 15. Ng4 h5 16. Ne3 h4 17. g3 Nd4 18. Kg2 Kf7 19. gxh4 Rh8 20. c3 Nxe2 21. Qxe2 Rxh4 22. Ng4 Qh8 23. Rh1 Be6 24. f3 Rd8 25. Rad1 a5 26. Qf2 Bxa2 27. b4 Bb3 28. Rb1 a4 29. bxc5 b5 30. d4 exd4 31. cxd4 Qe8 32. Rhe1 Qd7 33. d5 cxd5 34. e5 Kg6 35. exf6 Kh7 36. Re7+ Qxe7 37. fxe7 1-0

[Event "RUS-ch Rapid Men 2018"]
[Site "Sochi"]
[Date "2018.10.05"]
[Round "1"]
[White "Panarin, Mikhail"]
[Black "Mrykhin, Igor"]
[Result "0-1"]
[ECO "A45"]
[WhiteElo "2562"]
[BlackElo "2117"]
[Annotator "ChessBase"]
[PlyCount "66"]
[EventDate "2018.10.05"]
[EventType "swiss"]
[EventCountry "RUS"]
[SourceTitle "playchess.com"]
[Source "ChessBase"]
[SourceQuality "1"]
[TimeControl "900+10"]

1. d4 Nf6 2. g3 c5 3. Nf3 cxd4 4. Nxd4 e5 5. Nb3 d5 6. Bg2 Nc6 7. O-O Be6 8. Bg5 Qd7 9. Bxf6 gxf6 10. Nc3 e4 11. e3 h5 12. h4 O-O-O 13. Nb5 Bg4 14. Qd2 Ne5 15. N5d4 Kb8 16. Na5 Bc5 17. Kh1 Bh3 18. Nab3 Bb6 19. Kh2 Bxg2 20. Kxg2 Rhg8 21. Qe2 Rg4 22. Rh1 Rdg8 23. a4 f5 24. Kf1 Nc4 25. c3 f4 26. exf4 e3 27. a5 Bxd4 28. Nxd4 exf2 29. b3 Nd6 30. Qe5 Re8 31. Qxd5 Rxg3 32. Ra2 Re1+ 33. Kxf2 Ne4+ 0-1

[Event "RUS-ch Rapid Men 2018"]
[Site "Sochi"]
[Date "2018.10.05"]
[Round "1"]
[White "Iljiushenok, Ilia"]
[Black "Esipenko, Aleksandr"]
[Result "1-0"]
[ECO "A13"]
[WhiteElo "2532"]
[BlackElo "2026"]
[Annotator "ChessBase"]
[PlyCount "107"]
[EventDate "2018.10.05"]
[EventType "swiss"]
[EventCountry "RUS"]
[SourceTitle "playchess.com"]
[Source "ChessBase"]
[SourceQuality "1"]
[TimeControl "900+10"]

1. Nf3 d5 2. c4 e6 3. g3 Nf6 4. Bg2 b6 5. O-O Bb7 6. cxd5 exd5 7. d4 Bd6 8. Nc3 O-O 9. Nb5 Be7 10. Bf4 Na6 11. Ne5 c6 12. Nc3 Nc7 13. Rc1 Ne6 14. Be3 Nd7 15. Nd3 Bd6 16. f4 f5 17. Ne5 Nxe5 18. fxe5 Be7 19. Qd2 Bg5 20. Bxg5 Qxg5 21. e3 Rae8 22. Rf2 Qe7 23. a3 Rf7 24. b4 b5 25. Ne2 Ra8 26. Rcf1 g6 27. g4 Ng7 28. Ng3 Bc8 29. e4 dxe4 30. Nxe4 Be6 31. Nf6+ Kh8 32. Bxc6 Rd8 33. g5 Bc4 34. Rd1 a5 35. Bg2 axb4 36. axb4 Qa7 37. d5 Re7 38. Re1 Ne6 39. h4 Nd4 40. Qe3 Nb3 41. Qxa7 Rxa7 42. e6 Re7 43. Rf4 Kg7 44. Kh2 Rd6 45. Kg3 Rd8 46. Rd1 Rd6 47. Bf3 Kf8 48. h5 Kg7 49. hxg6 Kxg6 50. Kh4 Rd8 51. Bh5+ Kg7 52. Bf7 h6 53. Nh5+ Kh8 54. g6 1-0

[Event "RUS-ch Rapid Men 2018"]
[Site "Sochi"]
[Date "2018.10.05"]
[Round "1"]
[White "Demidov, Mikhail"]
[Black "Potapenko, Denis"]
[Result "1-0"]
[ECO "A06"]
[WhiteElo "2514"]
[BlackElo "2158"]
[Annotator "ChessBase"]
[PlyCount "111"]
[EventDate "2018.10.05"]
[EventType "swiss"]
[EventCountry "RUS"]
[SourceTitle "playchess.com"]
[Source "ChessBase"]
[SourceQuality "1"]
[TimeControl "900+10"]

1. Nf3 d5 2. g3 Nc6 3. c4 d4 4. Bg2 e5 5. O-O e4 6. Ne1 Nf6 7. d3 Bf5 8. Bg5 exd3 9. exd3 h6 10. Bxf6 Qxf6 11. Nd2 h5 12. h4 Bg4 13. Nef3 Qf5 14. Re1+ Be7 15. Qb3 Rb8 16. Qa3 Kf8 17. Rxe7 Nxe7 18. Re1 Qf6 19. Qxa7 Nc6 20. Qa3+ Qd6 21. c5 Qf6 22. b4 Re8 23. Rxe8+ Kxe8 24. b5 Nd8 25. Ne4 Qe7 26. Qb4 Ne6 27. Nxd4 f5 28. Nxe6 fxe4 29. Nf4 e3 30. fxe3 Qxe3+ 31. Kh2 g5 32. hxg5 h4 33. Qe4+ Qxe4 34. Bxe4 hxg3+ 35. Kxg3 Bd7 36. a4 c6 37. d4 Kf7 38. Ng6 Rh3+ 39. Kf4 cxb5 40. Ne5+ Ke7 41. axb5 Bxb5 42. Bxb7 Rh4+ 43. Ke3 Ke6 44. Bf3 Kf5 45. g6 Kf6 46. c6 Rh8 47. Be4 Re8 48. Kf4 Ba6 49. Nd7+ Kg7 50. d5 Bc8 51. Nb6 Rf8+ 52. Ke5 Re8+ 53. Kd4 Ba6 54. c7 Kf6 55. d6 Ke6 56. d7 {[%emt 0:00:03] Kd5+} 1-0

[Event "RUS-ch Rapid Men 2018"]
[Site "Sochi"]
[Date "2018.10.05"]
[Round "1"]
[White "Moiseenko, Vadim"]
[Black "Kryzhanovskiy, Mikhail"]
[Result "1-0"]
[ECO "A05"]
[WhiteElo "2495"]
[BlackElo "2008"]
[Annotator "ChessBase"]
[PlyCount "129"]
[EventDate "2018.10.05"]
[EventType "swiss"]
[EventCountry "RUS"]
[SourceTitle "playchess.com"]
[Source "ChessBase"]
[SourceQuality "1"]
[TimeControl "900+10"]

1. Nf3 Nf6 2. g3 d5 3. Bg2 c5 4. O-O Nc6 5. d4 e6 6. c4 cxd4 7. Nxd4 Bc5 8. Nxc6 bxc6 9. Qc2 Qe7 10. Nc3 O-O 11. b3 Bb7 12. Bb2 Rac8 13. e3 a5 14. Na4 Bd6 15. Rac1 Ba3 16. Rfd1 Bxb2 17. Qxb2 Rfd8 18. Rd2 e5 19. Rcd1 e4 20. Bh3 Rb8 21. Qc3 Ra8 22. Rc1 Ra7 23. cxd5 cxd5 24. Qc7 Ba6 25. Qxe7 Rxe7 26. Rc5 g5 27. Rxa5 Bd3 28. Nc5 g4 29. Nxd3 exd3 30. Bf1 Rc7 31. Bxd3 Rc1+ 32. Kg2 Rdc8 33. Bf5 R8c7 34. Ra4 h5 35. h3 gxh3+ 36. Bxh3 Ne4 37. Rxd5 Nc3 38. Rg5+ Kf8 39. Ra8+ Ke7 40. Rxh5 Rc2 41. Re5+ Kd6 42. Rf5 Nxa2 43. Ra6+ Ke7 44. Re5+ Kf8 45. Rb6 Rb2 46. Bf5 Nc1 47. b4 Ra7 48. Rc5 Nb3 49. Rc2 Rxc2 50. Bxc2 Nd2 51. Rb8+ Kg7 52. b5 Ra2 53. Bd3 Rb2 54. b6 Nb3 55. Bc4 Nc5 56. Bd5 Nd3 57. b7 Rxf2+ 58. Kh3 Rb2 59. Rd8 Nf2+ 60. Kh4 Rb4+ 61. e4 Rb6 62. b8=Q Rh6+ 63. Kg5 Nh3+ 64. Kg4 f5+ 65. exf5 1-0

[Event "RUS-ch Rapid Men 2018"]
[Site "Sochi"]
[Date "2018.10.05"]
[Round "1"]
[White "Shkurkin, Andrey"]
[Black "Pridorozhni, Aleksei"]
[Result "0-1"]
[ECO "A42"]
[WhiteElo "2250"]
[BlackElo "2573"]
[Annotator "ChessBase"]
[PlyCount "126"]
[EventDate "2018.10.05"]
[EventType "swiss"]
[EventCountry "RUS"]
[SourceTitle "playchess.com"]
[Source "ChessBase"]
[SourceQuality "1"]
[TimeControl "900+10"]

1. d4 d6 2. e4 g6 3. c4 Bg7 4. Nc3 Nc6 5. Be3 Nf6 6. Be2 O-O 7. d5 Nb8 8. Qd2 e5 9. h4 h5 10. f3 c6 11. Nh3 cxd5 12. cxd5 a6 13. O-O-O b5 14. Kb1 Nbd7 15. Nf2 Nc5 16. Rc1 Bb7 17. g4 hxg4 18. Bg5 b4 19. Ncd1 Bc8 20. Ne3 g3 21. Nfg4 Nfxe4 22. fxe4 Nxe4 23. Bxd8 Nxd2+ 24. Kc2 Rxd8 25. Kxd2 f5 26. h5 gxh5 27. Rxh5 fxg4 28. Nxg4 Rf8 29. Rg1 Rf5 30. Nh6+ Bxh6+ 31. Rxh6 Rg5 32. Bf3 Bf5 33. Rxd6 Rc8 34. Rc6 Rd8 35. Ke3 Rg7 36. Be4 Bc8 37. Rb6 Bb7 38. Rxb7 Rxb7 39. Rxg3+ Rg7 40. Rh3 Rg1 41. Rh5 Re1+ 42. Kd3 Re8 43. Rg5+ Kf8 44. Rf5+ Kg7 45. Rg5+ Kh6 46. Rg6+ Kh5 47. Rxa6 Rg8 48. Bf5 Rf8 49. Be6 e4+ 50. Kd2 Rff1 51. Bd7 e3+ 52. Kd3 Rf2 53. Re6 Rd2+ 54. Kc4 e2 55. Kxb4 Rc1 56. b3 Rxa2 57. Kb5 Rd2 58. Bc6 e1=Q 59. Rxe1 Rxe1 60. b4 Rb1 61. Kc5 Rc2+ 62. Kb6 Rxb4+ 63. Kc7 Kg5 0-1

[Event "RUS-ch Rapid Men 2018"]
[Site "Sochi"]
[Date "2018.10.05"]
[Round "1"]
[White "Dudin, Gleb"]
[Black "Tomashevsky, Evgeny"]
[Result "1/2-1/2"]
[ECO "A21"]
[WhiteElo "2208"]
[BlackElo "2702"]
[Annotator "ChessBase"]
[PlyCount "110"]
[EventDate "2018.10.05"]
[EventType "swiss"]
[EventCountry "RUS"]
[SourceTitle "playchess.com"]
[Source "ChessBase"]
[SourceQuality "1"]
[TimeControl "900+10"]

1. c4 e5 2. Nc3 Bb4 3. g3 Bxc3 4. dxc3 d6 5. Bg2 Nc6 6. Nf3 h6 7. O-O Be6 8. Nd2 Qd7 9. Re1 Bh3 10. Bh1 f5 11. Nf1 Nf6 12. Ne3 O-O 13. c5 f4 14. Nd5 Kh8 15. cxd6 cxd6 16. b3 Qf5 17. e4 Qg6 18. Bxf4 Bg4 19. f3 Nxd5 20. exd5 exf4 21. dxc6 Bc8 22. g4 bxc6 23. Bg2 c5 24. Qd5 Rb8 25. Rad1 Rb6 26. Re7 Qf6 27. Rde1 Qxc3 28. Re8 Qf6 29. Qa8 Qd4+ 30. Kh1 Rxe8 31. Rxe8+ Kh7 32. h3 Bd7 33. Rh8+ Kg6 34. Qxa7 Bc6 35. Qxb6 Qd1+ 36. Kh2 Bxf3 37. Bxf3 Qd2+ 38. Kg1 Qe1+ 39. Kg2 Qg3+ 40. Kf1 Qxf3+ 41. Ke1 Qe3+ 42. Kd1 Qd3+ 43. Kc1 f3 44. Qd8 f2 45. Qe8+ Kg5 46. Qe7+ Kf4 47. Rf8+ Kg3 48. Qf7 Qc3+ 49. Kb1 Qd3+ 50. Kb2 Qd2+ 51. Ka3 Qb4+ 52. Kb2 Qd2+ 53. Ka3 Qb4+ 54. Kb2 Qd4+ 55. Ka3 Qb4+ 1/2-1/2

[Event "RUS-ch Rapid Men 2018"]
[Site "Sochi"]
[Date "2018.10.05"]
[Round "1"]
[White "Prokhorko, Mikhail"]
[Black "Vastrukhin, Oleg"]
[Result "0-1"]
[ECO "A40"]
[WhiteElo "2197"]
[BlackElo "2413"]
[Annotator "NA"]
[PlyCount "96"]
[EventDate "2018.10.05"]
[EventType "swiss"]
[EventCountry "RUS"]
[SourceTitle "playchess.com"]
[Source "ChessBase"]
[SourceQuality "1"]
[TimeControl "900+10"]

1. d4 g6 2. Bf4 Bg7 3. e3 Nf6 4. c3 O-O 5. h4 d6 6. Be2 Nc6 7. h5 e5 8. Bg5 h6 9. Bxf6 Qxf6 10. Nd2 g5 11. d5 Nb8 12. g4 Nd7 13. Ne4 Qe7 14. Ng3 e4 15. Qc2 Nf6 16. O-O-O Re8 17. Bb5 Rf8 18. Nf5 Qe5 19. Ne2 a6 20. Ba4 Nxg4 21. Nxg7 Nxf2 22. Ne8 Nxd1 23. Rxd1 b5 24. Rd4 Rxe8 25. Bb3 Bg4 26. Qd2 Bxh5 27. Bc2 f5 28. c4 Qh2 29. Bd1 f4 30. exf4 Bxe2 31. Bxe2 Qxf4 32. Bh5 Qxd2+ 33. Kxd2 Re5 34. Ke3 Rf8 35. b4 Rf4 36. c5 Rh4 37. Be2 Rh3+ 38. Kf2 Ra3 39. Rd1 Rxa2 40. cxd6 cxd6 41. Rc1 e3+ 42. Ke1 Rxd5 43. Bh5 e2 44. Rc8+ Kg7 45. Rc7+ Kf6 46. Rf7+ Ke6 47. Kf2 g4 48. Rg7 Rf5+ 0-1

[Event "RUS-ch Rapid Men 2018"]
[Site "Sochi"]
[Date "2018.10.05"]
[Round "1"]
[White "Pashkov, Anatolij"]
[Black "Bocharov, Ivan"]
[Result "0-1"]
[ECO "C52"]
[WhiteElo "2196"]
[BlackElo "2565"]
[Annotator "ChessBase"]
[PlyCount "70"]
[EventDate "2018.10.05"]
[EventType "swiss"]
[EventCountry "RUS"]
[SourceTitle "playchess.com"]
[Source "ChessBase"]
[SourceQuality "1"]
[TimeControl "900+10"]

1. e4 e5 2. Nf3 Nc6 3. Bc4 Bc5 4. b4 Bxb4 5. c3 Ba5 6. d4 d6 7. Ng5 Nh6 8. O-O O-O 9. h3 Qf6 10. Nf3 Re8 11. Bg5 Qg6 12. d5 Nb8 13. Qa4 Nd7 14. Qxa5 Nb6 15. Bd3 Bxh3 16. gxh3 f6 17. h4 fxg5 18. hxg5 Rf8 19. Nbd2 Rf4 20. Rfe1 Raf8 21. Re3 Ng4 22. Rae1 Qh5 23. Kf1 Qh3+ 24. Ke2 Nxe3 25. fxe3 Rxf3 26. Nxf3 Qxf3+ 27. Kd2 a6 28. Qa3 Qg2+ 29. Re2 Qxg5 30. Qc1 Nd7 31. Qh1 Nc5 32. Rg2 Qf6 33. Rh2 h6 34. Rg2 Nxd3 35. Kxd3 Qf1+ 0-1

[Event "RUS-ch Rapid Men 2018"]
[Site "Sochi"]
[Date "2018.10.05"]
[Round "1"]
[White "Mnatsakanian, Arsen"]
[Black "Savchenko, Boris"]
[Result "0-1"]
[ECO "C02"]
[WhiteElo "2160"]
[BlackElo "2562"]
[Annotator "ChessBase"]
[PlyCount "76"]
[EventDate "2018.10.05"]
[EventType "swiss"]
[EventCountry "RUS"]
[SourceTitle "playchess.com"]
[Source "ChessBase"]
[SourceQuality "1"]
[TimeControl "900+10"]

1. e4 e6 2. d4 d5 3. e5 c5 4. c3 Bd7 5. Nf3 Nc6 6. a3 c4 7. Nbd2 Na5 8. g3 Ne7 9. Bg2 Nc8 10. O-O Be7 11. Re1 Nb6 12. Nf1 Nb3 13. Rb1 Nxc1 14. Qxc1 Na4 15. h4 Qa5 16. g4 O-O-O 17. Ng3 Kb8 18. Ng5 Rdf8 19. f4 Qd8 20. h5 h6 21. Nf3 g6 22. Bh3 a6 23. Kh2 Ka7 24. f5 exf5 25. gxf5 gxf5 26. Nxf5 Bg5 27. Nxg5 hxg5 28. Qd1 Rfg8 29. Rg1 g4 30. Bxg4 Rg5 31. Ne3 Bxg4 32. Rxg4 Rgxh5+ 33. Kg3 Rh2 34. Ng2 f6 35. Qxa4 fxe5 36. Rf1 R8h3+ 37. Kf2 Qf6+ 38. Ke1 Rh1 0-1

[Event "RUS-ch Rapid Men 2018"]
[Site "Sochi"]
[Date "2018.10.05"]
[Round "1"]
[White "Arbuzov, Mikhail"]
[Black "Yuffa, Daniil"]
[Result "0-1"]
[ECO "E81"]
[WhiteElo "2146"]
[BlackElo "2563"]
[Annotator "ChessBase"]
[PlyCount "72"]
[EventDate "2018.10.05"]
[EventType "swiss"]
[EventCountry "RUS"]
[SourceTitle "playchess.com"]
[Source "ChessBase"]
[SourceQuality "1"]
[TimeControl "900+10"]

1. d4 Nf6 2. c4 g6 3. f3 Bg7 4. e4 O-O 5. Nc3 d6 6. Be3 c5 7. d5 e6 8. Qd2 exd5 9. cxd5 a6 10. a4 Re8 11. Nge2 h5 12. Nc1 Nbd7 13. Be2 h4 14. O-O Rb8 15. N1a2 h3 16. g3 Ne5 17. Rab1 b5 18. b4 c4 19. a5 Nh7 20. Bd4 f5 21. f4 Nf7 22. Bxg7 Kxg7 23. Bf3 Nf6 24. Rbe1 fxe4 25. Nxe4 Nxe4 26. Bxe4 Qf6 27. Nc3 Nh6 28. Bf3 Bf5 29. Ne4 Bxe4 30. Bxe4 c3 31. Qd3 Rbc8 32. Bf3 Nf5 33. Bg4 Rxe1 34. Rxe1 c2 35. Rc1 Qd4+ 36. Qxd4+ Nxd4 0-1

[Event "RUS-ch Rapid Men 2018"]
[Site "Sochi"]
[Date "2018.10.05"]
[Round "1"]
[White "Liberman, Evgeny"]
[Black "Sychev, Klementy"]
[Result "0-1"]
[ECO "B50"]
[WhiteElo "2134"]
[BlackElo "2534"]
[Annotator "ChessBase"]
[PlyCount "72"]
[EventDate "2018.10.05"]
[EventType "swiss"]
[EventCountry "RUS"]
[SourceTitle "playchess.com"]
[Source "ChessBase"]
[SourceQuality "1"]
[TimeControl "900+10"]

1. e4 c5 2. Nf3 d6 3. g3 Nc6 4. Bg2 g6 5. O-O Bg7 6. Nc3 e5 7. a3 Nge7 8. Rb1 O-O 9. b4 b6 10. d3 h6 11. Ne2 Be6 12. c4 Qd7 13. b5 Nd8 14. Ne1 Bh3 15. f4 Bxg2 16. Nxg2 f5 17. Qc2 Ne6 18. Bb2 Rf7 19. Rf2 Nd4 20. Nxd4 cxd4 21. fxe5 dxe5 22. Rbf1 Raf8 23. Qe2 Qd6 24. Bc1 Kh7 25. Qe1 Bf6 26. Kh1 Bg5 27. exf5 gxf5 28. Re2 Bxc1 29. Qxc1 Ng6 30. Rfe1 f4 31. gxf4 exf4 32. Re6 Qd7 33. R6e4 f3 34. Nh4 Qh3 35. Rg1 Nxh4 36. Rg3 Qg2+ 0-1

[Event "RUS-ch Rapid Men 2018"]
[Site "Sochi"]
[Date "2018.10.05"]
[Round "1"]
[White "Pervakov, Sergey"]
[Black "Antipov, Mikhail Al."]
[Result "0-1"]
[ECO "C03"]
[WhiteElo "2098"]
[BlackElo "2593"]
[Annotator "ChessBase"]
[PlyCount "58"]
[EventDate "2018.10.05"]
[EventType "swiss"]
[EventCountry "RUS"]
[SourceTitle "playchess.com"]
[Source "ChessBase"]
[SourceQuality "1"]
[TimeControl "900+10"]

1. e4 e6 2. d4 d5 3. Nd2 h6 4. Ngf3 Nf6 5. Bd3 c5 6. c3 Nc6 7. O-O cxd4 8. cxd4 dxe4 9. Nxe4 Be7 10. Nc3 O-O 11. a3 b6 12. Re1 Bb7 13. Bc2 Qc7 14. Qd3 Rfd8 15. Be3 Nb8 16. Ne5 Ba6 17. Qd2 Nc6 18. Nf3 Bf8 19. Rad1 Rac8 20. Bf4 Qe7 21. Qe3 Qb7 22. Ne5 Ne7 23. Nxf7 Ned5 24. Nxd8 Nxe3 25. Nxb7 Nxc2 26. Rxe6 Bxb7 27. Re2 Nxa3 28. d5 Ba6 29. Re6 Nc4 0-1